 Dungeon Crawl Stone Soup version 0.31-a0-995-g04711c9635 (webtiles) character file.

Game seed: 4856172692823881442

(classic levelgen) 571 Amnesiac the Magician (level 7, -6/45 HPs)
             Began as a Djinni Hedge Wizard on Nov 7, 2023.
             Mangled by a gnoll bouda
             ... wielding a +0 club
              (9 damage)
             ... on level 5 of the Dungeon.
             The game lasted 00:07:26 (3267 turns).

Amnesiac the Magician (Djinni Hedge Wizard)         Turns: 3267, Time: 00:07:26

Health: -6/45      AC:  3    Str:  9    XL:     7   Next: 60%
Gold:   287        EV: 17    Int: 18    God:
                   SH:  0    Dex: 12

rFire   + + .        s - +2 dagger (drain)
rCold   x . .        (no shield)
rNeg    . . .        b - +0 robe rPois āˆž
                     c - +0 hat
rElec   .            x - +0 cloak
rCorr   .            (no gloves)
SInv    .            (boots unavailable)
Will    .....        (no amulet)
Stlth   ++           a - +5 ring of evasion
HPRegen 0.27/turn    (no ring)
MPRegen 0.00/turn

%: infuse magic (-7 HP)
@: weakened, flying, very slightly contaminated
A: sickness immunity, fire resistance 2, cold vulnerability 1, float, innate
caster, HP casting, extra vitality 1
a: no special abilities


You were on level 5 of the Dungeon.
You visited 2 branches of the dungeon, and saw 6 of its levels.

You collected 287 gold pieces.

Inventory:

Hand Weapons
 s - a +2 dagger of draining (weapon)
Armour
 b - a +0 robe (worn)
 c - a +0 hat (worn)
 x - a +0 cloak (worn)
Jewellery
 a - a +5 ring of evasion (left hand)
Wands
 p - a wand of quicksilver (14)
 r - a wand of digging (8)
 y - a wand of iceblast (4)
Scrolls
 f - 5 scrolls of identify {!r, unknown}
 h - a scroll of poison {!r, unknown}
 i - 3 scrolls of vulnerability {!r, unknown}
 o - 4 scrolls of teleportation {!r, unknown}
 q - 3 scrolls of silence {!r, unknown}
 t - 3 scrolls of enchant weapon {!r}
 u - a scroll of fear {!r, unknown}
 v - 2 scrolls of enchant armour {!r, unknown}
 w - a scroll of revelation {!r, unknown}
Potions
 d - a potion of invisibility {!q, unknown}
 e - a potion of degeneration {!q, unknown}
 g - a potion of heal wounds {!q, unknown}
 j - a potion of might {!q, unknown}
 k - 2 potions of magic {!q}
 l - a potion of lignification {!q, unknown}
 m - 2 potions of curing {!q, unknown}
 n - 2 potions of mutation {!q, unknown}


   Skills:
 - Level 2.1 Dodging
 - Level 1.5 Stealth
 + Level 6.4 Spellcasting
 + Level 6.4 Conjurations
 + Level 6.4 Hexes
   Level 0.0 Charms
 + Level 6.4 Summonings
 + Level 6.4 Necromancy
 + Level 6.4 Translocations
 + Level 6.4 Transmutations
 + Level 6.4 Fire Magic
 + Level 6.4 Ice Magic
 + Level 6.4 Air Magic
 + Level 6.4 Earth Magic
 + Level 6.4 Poison Magic


You knew the following spells:

 Your Spells              Type           Power      Damage    Failure   Level
a - Magic Dart            Conj           100%       1d8       1%          1
b - Call Imp              Summ           56%        N/A       1%          2
c - Slow                  Hex            100%       N/A       1%          1
d - Apportation           Tloc           56%        N/A       1%          1
e - Mephitic Cloud        Conj/Pois/Air  28%        N/A       2%          3
f - Lesser Beckoning      Tloc           56%        N/A       1%          2
g - Teleport Other        Tloc           28%        N/A       2%          3
v - Blink                 Tloc           56%        N/A       1%          2
Your spell library was empty.

Dungeon Overview and Level Annotations

Branches:
Dungeon (5/15)             Temple (1/1) D:4

Altars:
Cheibriados
Fedhas
Gozag
Hepliaklqana
Makhleb
Nemelex Xobeh
Okawaru
Qazlal
Ru
Trog
Uskayaw
Wu Jian
Xom
Yredelemnul
Zin
The Shining One

Shops:
D:1 =

Annotations:
D:5 Sigmund


Innate Abilities, Weirdness & Mutations

You are immune to sickness and miasma.
You are immune to poison.
Your flesh is very heat resistant. (rF++)
You are vulnerable to cold. (rC-)
You float through the air rather than walking.
You learn spells naturally, not from books.
Your magical power is your life essence.
You have superior vitality. (+4 MHP)


Message History

The gnoll bouda hits you with a +0 club!
* * * LOW HITPOINT WARNING * * *
Something hits the worm.
The gnoll sergeant closely misses you.
The gnoll bouda barks out a call to the hunt!
The gnoll picks up the pace!
The gnoll misses you. Something hits you!
* * * LOW HITPOINT WARNING * * *
The gnoll bouda gazes fiercely through you!
You feel your attacks grow feeble.
A gnoll comes into view. It is wielding a +0 flail.
Casting: Mephitic Cloud (dangerous; 2% risk of failure)
Confirm with . or Enter, or press ? or * to list all spells.
Aiming: Mephitic Cloud (dangerous; 2% risk of failure)
Press: ? - help, Shift-Dir - straight line, f - gnoll bouda
Aim: a gnoll bouda, wielding a +0 club and wearing a +0 robe (chance to affect: 86%)
The ball explodes into a vile cloud!
The stinking cloud engulfs the worm but does no damage.
The worm is almost dead.
The stinking cloud engulfs the gnoll but does no damage.
The stinking cloud engulfs something but does no damage.
The stinking cloud engulfs the gnoll bouda but does no damage.
The stinking cloud engulfs the gnoll but does no damage.
The stinking cloud engulfs the gnoll sergeant but does no damage.
* * * LOW HITPOINT WARNING * * *
The gnoll bouda is engulfed in noxious fumes.
The gnoll bouda appears confused.
The gnoll hits you with a +0 club.
* * * LOW HITPOINT WARNING * * *
The gnoll sergeant is engulfed in noxious fumes.
The gnoll sergeant appears confused.
The worm is engulfed in noxious fumes.
The worm appears confused.
Casting: Mephitic Cloud (dangerous; 2% risk of failure)
Confirm with . or Enter, or press ? or * to list all spells.
Aiming: Mephitic Cloud (dangerous; 2% risk of failure)
Press: ? - help, Shift-Dir - straight line, f/p - gnoll bouda
Aim: a gnoll bouda, wielding a +0 club and wearing a +0 robe (noxious fumes, confused, chance to affect: 86%)
You miscast Mephitic Cloud.
You are very lightly contaminated with residual magic.
Nothing appears to happen.
* * * LOW HITPOINT WARNING * * *
The gnoll bouda is engulfed in noxious fumes.
The gnoll bouda appears confused.
The gnoll bouda hits the gnoll with a +0 club!
Something completely misses the gnoll.
The gnoll sergeant is engulfed in noxious fumes.
The gnoll sergeant appears confused.
The gnoll sergeant hits the gnoll with a +0 trident!
The gnoll barely misses you.
It was a potion of magic {!q}.
Magic washes over you without effect.
The gnoll bouda is engulfed in noxious fumes.
The gnoll bouda appears confused.
The worm is engulfed in noxious fumes.
The worm appears confused.
The worm bites the gnoll.
The gnoll sergeant is engulfed in noxious fumes.
The gnoll sergeant appears confused.
Something barely misses you. The gnoll hits you but does no damage.
You hear a splash.
You feel a bit more experienced.
Okay, then.
As you read the scroll labelled LAVVEE BEKKITI {!r}, it crumbles to dust.
It is a scroll of enchant weapon.
Your +1 dagger of draining glows red for a moment.
The gnoll is no longer moving quickly.
The gnoll bouda hits you with a +0 club!
You die...

################
#####.)..gg).ggg....
#.....##.wg####g....
#.....##gā—‹.# ' ...
#..w..##ā—‹g{# .
#.....##.g@#
.......##..?#
.........##...#
.........##...#
....[..#.##...#
....... .......
######


You could see a gnoll sergeant (swift, confused), a gnoll bouda (confused), a
worm (confused) and 4 gnolls.

Vanquished Creatures
  An ogre (D:4)
  2 scorpions
  A bullfrog (D:4)
  2 hounds
  Jessica (D:2)
  2 iguanas (D:4)
  2 gnolls (D:5)
  An adder (D:4)
  2 river rats (D:4)
  A worm (D:4)
  3 dart slugs
  7 orcs
  4 bats
  8 endoplasms
  6 giant cockroaches
  11 goblins
  5 hobgoblins
  7 jackals (D:1)
  6 kobolds
  4 quokkas
  12 ball pythons
  A frilled lizard (D:3)
  7 rats
96 creatures vanquished.

Notes
Turn   | Place    | Note
-------+----------+-------------------------------------------
     0 | D:1      | Amnesiac the Djinni Hedge Wizard began the quest for the
                  | Orb.
     0 | D:1      | Amnesiac set off with the following spells memorised: Magic
                  | Dart, Slow, Blink, Call Imp, Mephitic Cloud.
     0 | D:1      | Reached XP level 1. HP: 15/15 MP: 0/0
   149 | D:1      | Reached XP level 2. HP: 19/21 MP: 0/0
   157 | D:1      | Found Lidap's Jewellery Shoppe.
   328 | D:1      | Reached XP level 3. HP: 17/25 MP: 0/0
   328 | D:1      | Learned a level 1 spell: Apportation
  1119 | D:2      | Reached XP level 4. HP: 31/31 MP: 0/0
  1211 | D:2      | Noticed Jessica
  1221 | D:2      | Killed Jessica
  1678 | D:3      | Noticed a scorpion
  1696 | D:3      | Killed a scorpion
  1697 | D:3      | Reached XP level 5. HP: 21/35 MP: 0/0
  1697 | D:3      | Learned a level 2 spell: Lesser Beckoning
  1827 | D:3      | Reached skill level 5 in Spellcasting
  1827 | D:3      | Reached skill level 5 in Conjurations
  1827 | D:3      | Reached skill level 5 in Hexes
  1827 | D:3      | Reached skill level 5 in Summonings
  1827 | D:3      | Reached skill level 5 in Necromancy
  1827 | D:3      | Reached skill level 5 in Translocations
  1827 | D:3      | Reached skill level 5 in Transmutations
  1827 | D:3      | Reached skill level 5 in Fire Magic
  1827 | D:3      | Reached skill level 5 in Ice Magic
  1827 | D:3      | Reached skill level 5 in Air Magic
  1827 | D:3      | Reached skill level 5 in Earth Magic
  1827 | D:3      | Reached skill level 5 in Poison Magic
  1827 | D:3      | Reached XP level 6. HP: 39/40 MP: 0/0
  2562 | D:4      | Noticed an ogre
  2583 | D:4      | Killed an ogre
  2584 | D:4      | Reached XP level 7. HP: 39/45 MP: 0/0
  2584 | D:4      | Learned a level 3 spell: Teleport Other
  2834 | D:4      | Found a staircase to the Ecumenical Temple.
  2843 | Temple   | Entered the Ecumenical Temple
  3220 | D:5      | Entered Level 5 of the Dungeon
  3244 | D:5      | Noticed Sigmund
  3267 | D:5      | Mangled by a gnoll bouda

Illustrated notes

Levels and vault maps discovered:
D:1:      mainiacjoe_arrival_oval_in_oval, layout_rooms, serial_shops,
          nicolae_shop_real_fake_doors, minmay_stone_trees_small,
          grunt_decor_mini_mirrors, minmay_hexomino_f4
D:2:      layout_basic, uniq_jessica
D:3:      minmay_spotlight, layout_loops_ring
D:4:      minmay_chambers_of_twos, layout_loops_ring,
          minmay_temple_entry_poolview, portal_sewer_entry_e
D:5:      layout_basic, mainiacjoe_overflow_paths, gammafunk_ghost_cemetery,
          chequers_serial_rivers_small_a, uniq_sigmund, uniq_duvessa
Temple:   minmay_temple_bridge_d

Skill      XL: |  1  2  3  4  5  6 |
---------------+-------------------+-----
Spellcasting   | 3 4 5 6 |  6.4
Conjurations   | 3 4 5 6 |  6.4
Hexes          | 3 4 5 6 |  6.4
Summonings     | 3 4 5 6 |  6.4
Necromancy     | 3 4 5 6 |  6.4
Translocations | 3 4 5 6 |  6.4
Transmutations | 3 4 5 6 |  6.4
Fire Magic     | 3 4 5 6 |  6.4
Ice Magic      | 3 4 5 6 |  6.4
Air Magic      | 3 4 5 6 |  6.4
Earth Magic    | 3 4 5 6 |  6.4
Poison Magic   | 3 4 5 6 |  6.4
Dodging        | |  2.1
Stealth        | |  1.5

Action                     |  1- 3 |  4- 6 |  7- 9 || total
---------------------------+-------+-------+-------++-------
  Melee: Dagger            |    17 |   154 |    76 ||   247
         Punch             |     1 |     1 |     2 ||     4
   Cast: Magic Dart        |    74 |     7 |       ||    81
         Mephitic Cloud    |       |     4 |     4 ||     8
         Slow              |       |     1 |       ||     1
         Call Imp          |       |     1 |       ||     1
         Teleport Other    |       |       |     1 ||     1
    Use: Scroll            |       |       |     1 ||     1
         Potion            |       |       |     1 ||     1
   Stab: Confused          |       |     2 |       ||     2
         Sleeping          |       |     4 |     2 ||     6
         Distracted        |       |     1 |       ||     1
 Armour: Robe              |    14 |    48 |    32 ||    94
  Dodge: Dodged            |    12 |   133 |    86 ||   231

Table legend: (Time is in decaauts)
 A = Elapsed time spent in this place.
 B = Non-inter-level travel time spent in this place.
 C = Inter-level travel time spent in this place.
 D = Time resting spent in this place.
 E = Time spent auto-exploring this place.
 F = Levels seen in this place.
 G = Mean time per level.
                   A        B        C        D        E       F      G
               +--------+--------+--------+--------+--------+-----+--------+
         Total |   3265 |   3148 |    117 |     35 |   2258 |   6 |  544.2 |
       Dungeon |   3235 |   3132 |    103 |     35 |   2258 |   5 |  647.0 |
        Temple |     29 |     15 |     14 |      0 |      0 |   1 |   29.0 |
               +--------+--------+--------+--------+--------+-----+--------+

Top non-repeatable levels by time:
     D:4: 1028 daAuts
     D:3: 742 daAuts
     D:2: 729 daAuts
     D:1: 689 daAuts
     D:5: 46 daAuts
  Temple: 29 daAuts
